Map: Ephemeron LE

Players

Serral

  • Race: Zerg Zerg
  • League: Master
  • Spawn Location: 5:00

GOReynor (Reynor) - Winner!

  • Race: Zerg Zerg
  • League: Master
  • Spawn Location: 11:00

Event: HomeStory Cup XX

VOD

https://youtu.be/PzFRWaXXawg?t=383

Description

Time

  • Played on: Nov. 24, 2019, 3:39 p.m.
  • Length: 8:33

All games in this series

Show
View Real Time Build Order
Export as new Build Order

Serral Zerg 

Build Orders: Hatch First 

Get SALT Encoding   

  12  0:00  Drone  
  13  0:12  Overlord  
  13  0:17  Drone  
  14  0:30  Drone x2  
  16  0:48  Hatchery  
  15  0:51  Drone  
  15  0:55  Drone  
  17  1:09  Spawning Pool  
  16  1:11  Drone  
  16  1:15  Drone  
  19  1:18  Drone  
  19  1:25  Extractor  
  18  1:28  Drone  
  19  1:38  Drone  
  20  1:49  Overlord  
  20  1:55  Queen  
  20  2:00  Queen, Drone x2  
  26  2:11  Drone x2  
  28  2:21  Zergling x2  
  28  2:22  Overlord  
  29  2:31  Queen  
  29  2:32  Drone  
  29  2:35  Queen, Drone  
  35  2:44  Drone x2  
  35  2:50  Evolution Chamber  
  36  2:54  Drone x2  
  38  2:58  Roach Warren  
  38  2:59  Extractor  
  38  3:02  Drone  
  38  3:03  Drone  
  38  3:04  Drone  
  39  3:07  Drone  
  39  3:10  Drone  
  39  3:11  Drone  
  42  3:15  Zerg Missile Weapons Level 1  
  42  3:18  Extractor  
  41  3:21  Overlord  
  41  3:25  Overlord  
  41  3:31  Overlord  
  41  3:43  Evolution Chamber  
  41  3:47  Roach x4  
  48  3:49  Roach  
  48  3:53  Roach  
  54  3:55  Roach  
  54  3:59  Roach  
  54  4:02  Overlord  
  56  4:12  Roach  
  56  4:13  Roach  
  60  4:18  Roach x2  
  60  4:22  Overlord  
  64  4:25  Roach  
  64  4:30  Ravager  
  64  4:31  Ravager x3  
  69  4:38  Roach x2  
  74  4:44  Roach  
  76  4:48  Overlord  
  76  4:55  Roach x2  
  79  5:07  Ravager, Roach  
  79  5:12  Roach  
  80  5:22  Roach x2  
  80  5:26  Ravager  
  83  5:32  Roach x3  
  86  5:40  Roach x2  
  90  5:47  Ravager  
  90  5:49  Overlord  
  91  5:56  Roach  
  89  6:10  Roach  
  89  6:11  Roach x4  
  82  6:19  Roach  
  82  6:24  Roach x2  
  62  6:33  Roach x2  
  66  6:42  Ravager  
  66  6:43  Queen, Ravager  
  66  6:44  Roach  
  66  6:46  Roach  
  74  6:56  Roach x2  
  78  7:05  Roach  
  78  7:06  Ravager, Roach  
  80  7:16  Roach x2  
  80  7:19  Queen  
  84  7:24  Ravager  
  84  7:27  Roach  
  87  7:36  Roach  
  87  7:37  Roach x2  
  80  7:50  Roach x2  
  73  7:52  Roach  
  73  7:54  Roach  
  66  7:59  Roach  
  66  8:01  Roach  
Show
View Real Time Build Order
Export as new Build Order

GOReynor Zerg - Winner!

Build Orders: Hatch First 

Get SALT Encoding   

  12  0:00  Drone  
  13  0:12  Overlord  
  13  0:16  Drone  
  14  0:30  Drone x2  
  16  0:48  Hatchery  
  15  0:52  Drone  
  15  0:55  Drone  
  17  0:58  Drone  
  18  1:09  Extractor  
  17  1:13  Spawning Pool  
  17  1:17  Drone  
  17  1:20  Drone  
  18  1:28  Drone  
  19  1:38  Drone  
  20  1:49  Drone  
  21  1:59  Overlord  
  21  2:00  Queen x2  
  21  2:01  Zergling x2  
  26  2:10  Drone  
  26  2:11  Drone  
  26  2:13  Metabolic Boost  
  28  2:21  Drone  
  28  2:22  Drone  
  30  2:34  Hatchery  
  29  2:38  Drone  
  29  2:39  Drone  
  31  2:48  Drone  
  32  2:53  Drone, Overlord  
  32  2:54  Evolution Chamber  
  32  2:56  Zergling x2  
  33  3:05  Drone x2  
  35  3:10  Zergling x2  
  35  3:12  Zergling x8  
  40  3:14  Drone  
  43  3:21  Overlord  
  43  3:27  Zerg Missile Weapons Level 1, Drone  
  44  3:38  Roach Warren  
  44  3:39  Drone  
  44  3:42  Overlord  
  44  3:48  Drone  
  42  3:51  Drone x3  
  42  3:52  Drone  
  42  3:54  Drone x2  
  42  3:55  Extractor x2  
  46  4:04  Overlord  
  46  4:06  Queen  
  46  4:08  Drone  
  49  4:18  Drone x2  
  49  4:21  Roach x5  
  49  4:22  Roach  
  63  4:26  Roach  
  63  4:29  Zergling x6  
  70  4:31  Roach  
  70  4:35  Overlord  
  69  4:41  Roach x2  
  73  4:46  Overlord  
  73  4:51  Overlord  
  73  4:58  Spine Crawler  
  73  4:59  Spine Crawler  
  69  5:03  Zergling x2, Ravager x2, Roach x2  
  69  5:05  Roach  
  75  5:09  Zergling x4  
  75  5:12  Zergling x2, Roach  
  80  5:16  Zergling x4  
  80  5:18  Roach  
  80  5:20  Zergling x2  
  82  5:27  Zergling x4, Roach  
  86  5:34  Overlord  
  86  5:35  Zergling x2, Roach  
  81  5:41  Roach Warren  
  78  5:49  Overlord  
  76  5:51  Overlord  
  76  5:56  Zergling x6  
  79  5:57  Zergling x4, Queen  
  73  6:05  Zergling x2  
  73  6:08  Zergling x4  
  70  6:12  Zergling x2  
  70  6:18  Zergling x4  
  61  6:23  Roach x2  
  57  6:28  Zergling x2, Roach  
  54  6:34  Drone  
  54  6:35  Drone  
  54  6:36  Ravager  
  54  6:37  Ravager  
  54  6:38  Drone  
  59  6:42  Roach  
  59  6:45  Roach  
  59  6:47  Ravager  
  64  6:50  Roach  
  64  6:54  Zergling x2, Roach  
  67  6:59  Roach  
  71  7:01  Drone  
  71  7:07  Drone  
  72  7:11  Overlord  
  72  7:14  Roach x2  
  74  7:18  Zergling x4  
  74  7:21  Roach  
  74  7:22  Zergling x2  
  78  7:26  Roach  
  81  7:30  Roach  
  81  7:33  Roach  
  81  7:34  Zergling x2  
  79  7:40  Roach  
  79  7:44  Roach  
  76  7:48  Roach  
  70  7:52  Roach  
  70  7:54  Zergling x2  
  70  7:58  Roach  
  66  8:01  Roach  
  66  8:03  Zergling x2  
Tags
 
Add a new tag
Caveats
  • Supply blocks, unpowered buildings, or Contaminate may cause inaccurate times.
  • Supply counts are checked every 10 seconds.